 Dungeon Crawl Stone Soup version 0.25-a0-578-gc91f01c39c (webtiles) character file.

Game seed: 3876432068606095782, levelgen mode: deterministic

570 surprisetrex the Conjurer (level 7, -8/51 HPs)
             Began as a Black Draconian Fire Elementalist on Mar 5, 2020.
             Mangled by an ogre
             ... wielding a +0 giant club
              (14 damage)
             ... on level 3 of the Dungeon.
             The game lasted 00:22:23 (4348 turns).

surprisetrex the Conjurer (DrFE)                    Turns: 4348, Time: 00:22:23

Health: -8/51      AC:  7    Str: 10 (11) XL:     7   Next: 11%
Magic:  10/10      EV: 12    Int: 15 (17) God:
Gold:   180        SH:  0    Dex:  8 (11) Spells: 6/10 levels left

rFire    . . .     SeeInvis .   a - +0 hand axe (elec)
rCold    . . .     Gourm    .   (no shield)
rNeg     . . .     Faith    .   (armour unavailable)
rPois    .         Spirit   .   (helmet restricted)
rElec    +         Reflect  .   (no cloak)
rCorr    .         Harm     .   e - +0 pair of gloves
MR       .....                  (no boots)
Stlth    ++........             (no amulet)
HPRegen  0.17/turn              (no ring)
MPRegen  0.12/turn              (no ring)

@: no status effects
A: breathe lightning, unfitting armour, electricity resistance, cold-blooded, AC
+6
a: Breathe Lightning


You were on level 3 of the Dungeon.
You were not hungry.

You visited 1 branch of the dungeon, and saw 4 of its levels.
You also visited: Ossuary.

You collected 204 gold pieces.
You spent 24 gold pieces at shops.

Inventory:

Hand Weapons
 a - a +0 hand axe of electrocution (weapon)
Missiles
 i - 12 poisoned darts (quivered)
Armour
 e - a +0 pair of gloves (worn)
 l - a +0 kite shield
Wands
 g - a wand of iceblast (7)
Scrolls
 c - 2 scrolls of remove curse
 h - 3 scrolls of teleportation
 j - a scroll of blinking
Potions
 d - 5 potions of might
 f - 2 potions of haste {unknown}
 k - 3 potions of curing
 m - a potion of brilliance {unknown}
 n - 2 potions of ambrosia {unknown}
 o - 4 potions of degeneration
 p - a potion of flight {unknown}
Comestibles
 b - 9 rations
 q - 2 chunks of flesh


   Skills:
 - Level 0.8 Fighting
 - Level 1.7 Dodging
 - Level 1.7 Stealth
 - Level 2.0 Spellcasting
 * Level 6.2 Conjurations
 + Level 5.2 Fire Magic


You had 6 spell levels left.
You knew the following spells:

 Your Spells              Type           Power        Failure   Level  Hunger
a - Foxfire               Conj/Fire      ###.         2%          1    #......
b - Conjure Flame         Conj/Fire      ###.....     6%          3    ###....

Your spell library contained the following spells:

 Spells                   Type           Power        Failure   Level  Hunger
 Beastly Appendage        Tmut           #.....       22%         1    #......
 Inner Flame              Hex/Fire       #.......     22%         3    ###....
 Sticky Flame             Conj/Fire      ###.....     22%         4    #####..
 Sticks to Snakes         Tmut           #.......     32%         2    ###....
 Fireball                 Conj/Fire      ###.......   52%         5    ######.
 Spider Form              Tmut/Pois      #.........   54%         3    ###....
 Ice Form                 Ice/Tmut       #.......     91%         4    #####..
 Blade Hands              Tmut           #.........   99%         5    ######.


Dungeon Overview and Level Annotations

Branches:
Dungeon (4/15)            Ossuary (visited)
 Temple: D:4-7

Altars:
Elyvilon
Gozag
Qazlal
Wu Jian
Yredelemnul

Shops:
D:4 ?


Innate Abilities, Weirdness & Mutations

You can breathe wild blasts of lightning.
Your glossy black scales are hard. (AC +6)
You cannot fit into any form of body armour.
You are resistant to electric shocks. (rElec)
You are cold-blooded and may be slowed by cold attacks.


Message History

The orc wizard flickers and vanishes!
Deactivating autopickup; reactivate with Ctrl-A.
There is an open door here.
There is a stone staircase leading up here.
The ogre completely misses you.
You climb upwards.
Reactivating autopickup.
There is a stone staircase leading down here.
The orc shouts!
The orc throws a stone.
The stone misses you. The orc barely misses you.
There is a stone staircase leading up here.
The ogre barely misses you.
You enter the shallow water.
Moving in this stuff is going to be slow.
The orc hits you with a +0 war axe!
* * * LOW HITPOINT WARNING * * *
You are too injured to fight recklessly!
The ogre hits you with a +0 giant club!
You die...

###############
#.≈.......o...#
#≈.≈≈≈..≈≈.≈..#
#≈.≈≈≈≈≈≈≈≈≈O.#
##..≈≈≈≈≈≈≈≈≈≈@#
#...≈≈≈≈≈≈≈≈≈≈.#
#..≈≈≈≈♣.♣≈≈≈≈.#
#..≈≈≈≈≈_≈≈≈≈..#
#..≈≈≈≈♣.≈≈≈≈..#
#..≈≈≈≈≈≈≈≈≈≈..#
#...≈≈≈≈≈≈≈≈≈≈.#
#..≈≈≈≈≈≈≈≈≈≈..#
#.≈≈≈.≈...(≈≈≈≈#


You could see an ogre and an orc.

Vanquished Creatures
  3 water moccasin zombies (Ossuary)
  4 orc priests
  An orc wizard (D:3)
  A worker ant (D:4)
  2 big kobold zombies (Ossuary)
  2 mummies (Ossuary)
  3 adders
  4 adder zombies (Ossuary)
  5 worms
  A dart slug (D:1)
  2 leopard geckos
  11 orcs
  6 giant cockroaches
  4 goblins
  9 hobgoblins
  7 jackals
  6 kobolds
  A quokka (D:2)
  7 bats
  5 frilled lizards
  2 gnoll zombies (Ossuary)
  7 hobgoblin zombies (Ossuary)
  4 kobold zombies (Ossuary)
  A leopard gecko skeleton (D:3)
  11 orc zombies (Ossuary)
  10 rats
119 creatures vanquished.

Vanquished Creatures (others)
  201 foxfires
201 creatures vanquished.

Grand Total: 320 creatures vanquished

Notes
Turn   | Place    | Note
-------+----------+-------------------------------------------
     0 | D:1      | surprisetrex the Draconian Fire Elementalist began the
                  | quest for the Orb.
     0 | D:1      | Reached XP level 1. HP: 14/14 MP: 3/3
   163 | D:1      | Reached XP level 2. HP: 22/22 MP: 0/5
   394 | D:1      | Reached skill level 2 in Conjurations
  1039 | D:2      | Reached XP level 3. HP: 21/27 MP: 0/6
  1320 | D:2      | Learned a level 3 spell: Conjure Flame
  1572 | D:2      | Found a stormy altar of Qazlal.
  1730 | D:2      | Found a basalt altar of Yredelemnul.
  1733 | D:2      | Found a white marble altar of Elyvilon.
  1736 | D:2      | Found an ornate altar of the Wu Jian Council.
  1942 | D:2      | Reached skill level 3 in Conjurations
  2147 | D:3      | Reached XP level 4. HP: 34/34 MP: 3/7
  2830 | D:3      | Found a faded altar of an unknown god.
  2912 | D:3      | Reached skill level 4 in Conjurations
  2912 | D:3      | Reached XP level 5. HP: 14/39 MP: 3/8
  3155 | D:3      | Found an opulent altar of Gozag.
  3463 | D:4      | Found Huos's Magic Scroll Emporium.
  3466 | D:4      | Bought a scroll of identify for 24 gold pieces
  3502 | D:4      | Found a sand-covered staircase.
  3527 | Ossuary  | Entered an ossuary
  3555 | Ossuary  | Reached XP level 6. HP: 46/46 MP: 2/9
  3577 | Ossuary  | Reached skill level 5 in Conjurations
  4084 | Ossuary  | Reached skill level 5 in Fire Magic
  4177 | Ossuary  | Reached skill level 6 in Conjurations
  4177 | Ossuary  | Your scales start taking on a glossy black colour.
  4177 | Ossuary  | Reached XP level 7. HP: 30/51 MP: 6/10
  4177 | Ossuary  | Gained mutation: You are resistant to electric shocks.
                  | (rElec) [Black Draconian growth]
  4326 | D:3      | HP: 2/51 [orc/+0 war axe (10)]
  4348 | D:3      | Mangled by an ogre

Levels and vault maps discovered:
D:1:      lemuel_arrival_tunnels, layout_basic, glass_columns_a
D:2:      layout_loops_ring, marbit_many_paths, grunt_temple_overflow_diamond,
          serial_aquarium, aquarium_bridge_straight [aquarium_subvault_bridge,
          aquarium_subvault_balcony, aquarium_subvault_bridge,
          aquarium_subvault_wall], aquarium_bridge_straight
          [aquarium_subvault_bridge, aquarium_subvault_wall,
          aquarium_subvault_bridge, aquarium_subvault_window],
          aquarium_window_2, aquarium_window_1, aquarium_view_2e,
          aquarium_view_2d, first_ration, minmay_misc_feat_x, minmay_cut_off
D:3:      layout_rooms, chequers_ecumenical_altar_island,
          minmay_misc_feat_four_crosses, nicolae_gozag_seed_capital
D:4:      layout_gridville, fedhas_altar_3,
          lightli_ossuary_entry_decrepit_ruins, serial_shops,
          nicolae_shop_behind_doors

Skill      XL: |  1  2  3  4  5  6 |
---------------+-------------------+-----
Conjurations   | 2 3 4 6 |  6.2
Fire Magic     | 4 5 |  5.2
Fighting       | |  0.8
Dodging        | |  1.7
Stealth        | |  1.7
Spellcasting   | |  2.0

Action                   |  1- 3 |  4- 6 |  7- 9 || total
-------------------------+-------+-------+-------++-------
Melee: Unarmed           |     3 |       |       ||     3
       Whip              |    40 |       |       ||    40
       Tailslap          |     5 |    15 |       ||    20
       Hand axe          |    25 |   132 |     1 ||   158
 Cast: Foxfire           |    59 |    55 |    12 ||   126
       Conjure Flame     |       |     5 |       ||     5
  Use: Potion            |       |     1 |     2 ||     3
       Scroll            |       |     4 |       ||     4
 Stab: Sleeping          |     1 |       |       ||     1
       Distracted        |       |     1 |       ||     1
  Eat: Chunk             |     5 |     6 |       ||    11
       Ration            |       |     1 |       ||     1
Armor: Skin              |    18 |    37 |     2 ||    57
Dodge: Dodged            |    41 |    72 |     8 ||   121
Block: Kite shield       |       |    12 |       ||    12

Table legend:
 A = Non-vault XP
 B = Vault XP
 C = Vault XP percentage of total XP
 D = Non-vault monster count
 E = Vault monster count
 F = Vault count percentage of total count
                 A         B        C        D         E       F
            +---------+---------+-------+---------+---------+-------
      Total |     419 |     396 |  48.6 |      80 |      39 |  32.8
            +---------+---------+-------+---------+---------+-------
        D:1 |      25 |       0 |   0.0 |      15 |       0 |   0.0
        D:2 |      40 |      19 |  32.2 |      19 |       4 |  17.4
        D:3 |     247 |       0 |   0.0 |      36 |       0 |   0.0
        D:4 |     107 |       0 |   0.0 |      10 |       0 |   0.0
    Ossuary |       0 |     377 | 100.0 |       0 |      35 | 100.0
            +---------+---------+-------+---------+---------+-------
